 Dungeon Crawl Stone Soup version 0.21-a0-153-g78480df (webtiles) character file.

2624 galech the Grappler (level 9, -10/83 HPs)
             Began as a Troll Monk on July 31, 2017.
             Mangled by a troll (17 damage)
             ... on level 9 of the Dungeon.
             The game lasted 00:09:09 (4958 turns).

galech the Grappler (Troll Monk)                    Turns: 4958, Time: 00:09:10

Health: -10/83     AC:  6    Str: 24    XL:     9   Next: 34%
Magic:  8/8        EV: 12    Int:  6    God:
Gold:   410        SH:  0    Dex: 12    Spells: 8/8 levels left

rFire    . . .     SeeInvis +     - Unarmed
rCold    + . .     Gourm    +   (no shield)
rNeg     . . .     Faith    .   a - +0 robe
rPois    .         Spirit   .   (helmet restricted)
rElec    .         Reflect  .   q - +0 cloak
rCorr    .         Harm     .   (gloves unavailable)
MR       .....                  (boots unavailable)
Stlth    ++........             (no amulet)
HPRegen  0.63/turn              F - ring of see invisible
MPRegen  0.11/turn              x - ring of protection from cold (curse)

@: no status effects
A: unfitting armour, claws 3, fast metabolism 3, gourmand, regeneration 1,
shaggy fur 1, tough skin 2
a: no special abilities


You were on level 9 of the Dungeon.
You were very full.

You visited 1 branch of the dungeon, and saw 7 of its levels.
You also visited: Sewer and Ossuary.

You collected 410 gold pieces.

Inventory:

Armour
 a - a +0 robe (worn)
 q - a +0 cloak (worn)
Jewellery
 d - an uncursed ring of stealth
 x - a cursed ring of protection from cold (right claw)
 F - a ring of see invisible (left claw)
Wands
 g - a wand of polymorph (9/24)
 y - a wand of iceblast (13/15)
 z - a wand of flame (33/48)
Scrolls
 e - 11 scrolls of identify {unknown}
 j - 2 scrolls of fog {unknown}
 k - 2 scrolls of amnesia {unknown}
 n - 3 scrolls of remove curse {unknown}
 r - a scroll of blinking {unknown}
 s - 7 scrolls of teleportation {unknown}
 v - a scroll of enchant armour {unknown}
 w - 2 scrolls of enchant weapon {unknown}
 H - 2 scrolls of magic mapping {unknown}
 J - a scroll of random uselessness {unknown}
Potions
 c - a potion of ambrosia {unknown}
 f - a potion of brilliance {unknown}
 h - 5 potions of berserk rage {unknown}
 l - 4 potions of curing {unknown}
 p - 6 potions of heal wounds {unknown}
 t - 5 potions of degeneration {unknown}
 u - 3 potions of mutation {unknown}
 A - 2 potions of agility
 B - 2 potions of flight {unknown}
 C - 4 potions of invisibility {unknown}
 D - 5 potions of lignification {unknown}
 E - a potion of magic {unknown}
Books
 I - a book of Changes

   Spells                             Type                      Level
   a - Beastly Appendage              Transmutation                1
   b - Sticks to Snakes               Transmutation                2
   c - Spider Form                    Transmutation/Poison         3
   d - Ice Form                       Ice/Transmutation            4
   e - Blade Hands                    Transmutation                5
 K - a book of Conjurations

   Spells                             Type                      Level
   a - Magic Dart                     Conjuration                  1
   b - Searing Ray                    Conjuration                  2
   c - Dazzling Spray                 Conjuration/Hexes            3
   d - Fulminant Prism                Conjuration/Hexes            4
   e - Force Lance                    Conjuration/Translocation    4
   f - Iskenderun's Mystic Blast      Conjuration                  4
 L - a book of Air

   Spells                             Type                      Level
   a - Shock                          Conjuration/Air              1
   b - Swiftness                      Charms/Air                   2
   c - Static Discharge               Conjuration/Air              3
   d - Airstrike                      Air                          4
   e - Lightning Bolt                 Conjuration/Air              5
Comestibles
 b - 5 bread rations
 i - 5 royal jellies
 m - 3 meat rations
 o - 2 chunks of flesh
 G - 3 fruits


   Skills:
 + Level 3.3 Fighting
 + Level 5.4 Dodging
 + Level 3.7 Stealth
 + Level 9.9 Unarmed Combat


You had 8 spell levels left.
You didn't know any spells.

Dungeon Overview and Level Annotations

Branches:
Dungeon (6/15)             Temple (0/1) D:6

Altars:
Elyvilon
Qazlal


Innate Abilities, Weirdness & Mutations

You are too large for most types of armour.
You have claws for hands.
Your metabolism is lightning-fast.
You like to eat raw meat.
Your natural rate of healing is unusually fast.
You are covered in fur. (AC +1)
You have very tough skin. (AC +2)


Message History

You claw the troll!
The troll is severely wounded.
The troll bites you. The troll closely misses you.
The troll claws you but does no damage.
You claw the troll!
The troll is almost dead.
The troll bites you but does no damage. The troll claws you.
The troll claws you but does no damage.
You barely miss the troll.
The troll is almost dead.
The troll bites you!
* * * LOW HITPOINT WARNING * * *
The troll claws you.
* * * LOW HITPOINT WARNING * * *
The troll claws you!
* * * LOW HITPOINT WARNING * * *
You closely miss the troll.
The troll is almost dead.
The troll bites you!
You die...

#.# #)# #.#
#.# ### #.#
##.##
#.#######...##
#.........>>.#
#########...##
##@## #T# #o#
## #.# ..
##†## #.##!#†#
#...###).....#
##...# #.###.#
#..#.# .#


You could see a troll and an orc.

Vanquished Creatures
  Eustachio (D:4)
  A phantom (D:6)
  2 ogres
  2 black bears
  A hornet zombie (D:5)
  2 centaurs
  A crocodile (Sewer)
  Blork the orc (D:6)
  4 bullfrogs
  A scorpion (D:5)
  3 howler monkeys (D:9)
  5 crimson imps
  An orc priest (D:6)
  A jelly (D:5)
  A hound (D:6)
  2 iguanas (D:4)
  Ijyb (D:4)
  Crazy Yiuf (D:2)
  Terence (D:2)
  Natasha (twice) (D:2)
  9 orc wizards
  A worker ant (D:5)
  A big kobold zombie (Ossuary)
  A hound skeleton (D:6)
  8 mummies (Ossuary)
  3 worker ant zombies
  Robin (D:2)
  A howler monkey skeleton (D:5)
  7 gnolls
  10 adders
  An adder skeleton (D:4)
  2 adder zombies
  4 worms
  4 dart slugs
  7 leopard geckos
  12 orcs
  4 ball pythons
  4 giant cockroaches
  15 goblins
  14 hobgoblins
  31 jackals
  4 quokkas
  5 bats
  2 frilled lizards
  2 hobgoblin zombies (Ossuary)
  11 kobolds
  5 kobold zombies (Ossuary)
  A leopard gecko skeleton (D:4)
  9 rats
213 creatures vanquished.

Notes
Turn   | Place    | Note
-------+----------+-------------------------------------------
     0 | D:1      | galech the Troll Monk began the quest for the Orb.
     0 | D:1      | Reached XP level 1. HP: 22/22 MP: 0/0
   126 | D:1      | Reached XP level 2. HP: 27/29 MP: 1/1
   741 | D:2      | Reached XP level 3. HP: 36/36 MP: 2/2
   780 | D:2      | Noticed Robin
   932 | D:2      | Killed Robin
  1013 | D:2      | Reached skill level 4 in Unarmed Combat
  1013 | D:2      | Reached XP level 4. HP: 40/44 MP: 3/3
  1321 | D:2      | Noticed Natasha
  1328 | D:2      | Killed Natasha
  1340 | D:2      | Noticed Terence
  1350 | D:2      | Killed Terence
  1350 | D:2      | Reached XP level 5. HP: 37/50 MP: 4/4
  1460 | D:2      | Found a runed door.
  1498 | D:2      | Noticed Natasha
  1507 | D:2      | Killed Natasha
  1695 | D:2      | Noticed Crazy Yiuf
  1702 | D:2      | Killed Crazy Yiuf
  1856 | D:3      | Reached skill level 5 in Unarmed Combat
  2090 | D:3      | Reached XP level 6. HP: 49/59 MP: 5/5
  2705 | D:4      | Noticed Ijyb
  2711 | D:4      | Killed Ijyb
  2755 | D:4      | Noticed Eustachio
  2796 | D:4      | Killed Eustachio
  2796 | D:4      | Reached skill level 6 in Unarmed Combat
  2796 | D:4      | Reached XP level 7. HP: 44/66 MP: 6/6
  2882 | D:4      | Found a glowing drain.
  2898 | Sewer    | Entered a sewer
  3412 | D:5      | Entered Level 5 of the Dungeon
  3433 | D:5      | Reached skill level 7 in Unarmed Combat
  3505 | D:5      | Reached XP level 8. HP: 67/75 MP: 7/7
  3619 | D:5      | Found a sand-covered staircase.
  3628 | Ossuary  | Entered an ossuary
  3649 | Ossuary  | Reached skill level 8 in Unarmed Combat
  4080 | D:6      | Found a staircase to the Ecumenical Temple.
  4351 | D:6      | Reached skill level 9 in Unarmed Combat
  4438 | D:6      | Found a stormy altar of Qazlal.
  4438 | D:6      | Found a white marble altar of Elyvilon.
  4460 | D:6      | Noticed Blork the orc
  4466 | D:6      | Killed Blork the orc
  4639 | D:6      | Reached skill level 5 in Dodging
  4658 | D:6      | Reached XP level 9. HP: 77/83 MP: 8/8
  4884 | D:6      | You fall through a shaft for 3 floors!
  4937 | D:9      | Noticed a troll
  4958 | D:9      | Mangled by a troll

Vault maps used:
D:1:      evilmike_arrival_rings
D:2:      minmay_bisected, uniq_natasha, uniq_crazy_yiuf_cottage, uniq_terence,
          uniq_robin
D:3:      fountainhead
D:4:      minmay_opposing_rooms, portal_sewer_entry_d, first_bread, uniq_ijyb,
          uniq_eustachio
D:5:      nicolae_ossuary_entry_monument
D:6:      gammafunk_temple_overflow_wave, minmay_temple_entry_from_below_a,
          minmay_a_box_with_orc_wizards_in_it, uniq_blork_the_orc
D:9:      grunt_dithmenos_smoke, lemuel_round_altar, basic_altar,
          hangedman_ranch, okawaru_trees_2
Sewer:    sewer_the_crocodile
Ossuary:  ossuary_tomb_3

Skill      XL: |  1  2  3  4  5  6  7  8 |
---------------+-------------------------+-----
Dodging        | 3 4 5 |  5.4
Unarmed Combat | 4 5 6 7 9 |  9.9
Stealth        | 2 3 |  3.7
Fighting       | 3 |  3.3

Action                   |  1- 3 |  4- 6 |  7- 9 || total
-------------------------+-------+-------+-------++-------
Melee: Unarmed           |   105 |   180 |   302 ||   587
       Punch             |     2 |     2 |    11 ||    15
 Stab: Sleeping          |     5 |    14 |    11 ||    30
       Distracted        |       |     1 |       ||     1
  Eat: Chunk             |    15 |    16 |    20 ||    51
Armor: Robe              |    34 |    69 |    56 ||   159
Dodge: Dodged            |    51 |    97 |   139 ||   287
